Map: 2000 Atmospheres LE

Players

Trap

  • Race: Protoss Protoss

DPGZest (Zest) - Winner!

  • Race: Protoss Protoss

Event: ASUS ROG Fall 2021

VOD

Have the link to the VOD?

Description

Time

  • Played on: Sept. 17, 2021, 7:56 a.m.
  • Length: 23:19

All games in this series

Show
View Real Time Build Order
Export as new Build Order

Trap Protoss 

Build Orders: Oracle Opening 

Get SALT Encoding   

  12  0:00  Probe  
  13  0:12  Probe  
  14  0:16  Pylon  
  14  0:24  Probe (Chrono Boost)  
  15  0:36  Gateway, Probe (Chrono Boost)  
  16  0:43  Probe (Chrono Boost)  
  16  0:45  Assimilator  
  17  0:50  Probe  
  17  0:55  Assimilator  
  18  1:03  Probe (Chrono Boost)  
  19  1:07  Gateway  
  20  1:12  Probe (Chrono Boost)  
  20  1:17  Probe (Chrono Boost)  
  20  1:23  Cybernetics Core  
  21  1:29  Probe  
  22  1:34  Pylon  
  22  1:41  Probe  
  23  1:53  Probe  
  24  1:59  Stalker x2  
  28  2:02  Warp Gate  
  28  2:12  Pylon  
  28  2:24  Pylon  
  28  2:28  Stargate  
  28  2:32  Adept  
  30  2:38  Adept  
  32  2:46  Probe  
  33  2:57  Pylon  
  34  3:08  Oracle (Chrono Boost)  
  36  3:18  Nexus  
  35  3:25  Shield Battery  
  35  3:28  Probe  
  36  3:35  Oracle (Chrono Boost)  
  36  3:40  Probe  
  40  3:52  Adept x2  
  44  3:56  Probe  
  45  4:08  Probe  
  46  4:12  Twilight Council  
  46  4:20  Probe  
  46  4:23  Gateway  
  47  4:32  Probe  
  46  4:44  Stalker x2, Probe x2 (Chrono Boost)  
  50  4:46  Blink (Chrono Boost)  
  50  4:54  Probe (Chrono Boost)  
  50  4:55  Probe (Chrono Boost)  
  50  4:59  Probe (Chrono Boost)  
  52  5:02  Probe  
  54  5:11  Pylon, Probe  
  54  5:14  Probe  
  54  5:22  Stalker x2  
  54  5:23  Probe  
  54  5:26  Stalker, Probe  
  60  5:33  Assimilator  
  60  5:35  Probe  
  61  5:38  Probe  
  62  5:50  Pylon, Dark Shrine  
  62  5:54  Probe  
  62  5:55  Probe  
  64  6:05  Stalker x3  
  64  6:08  Pylon  
  70  6:14  Nexus  
  70  6:19  Shield Battery  
  70  6:22  Probe x2  
  70  6:24  Forge  
  72  6:31  Sentry x2  
  76  6:35  Pylon, Probe x2  
  76  6:39  Gateway  
  78  6:44  Gateway  
  78  6:49  Gateway  
  78  6:51  Probe  
  78  6:52  Protoss Ground Weapons Level 1 (Chrono Boost), Probe  
  80  7:04  Probe (Chrono Boost)  
  82  7:08  Probe (Chrono Boost)  
  82  7:13  Probe (Chrono Boost)  
  84  7:16  Probe (Chrono Boost)  
  84  7:18  Probe (Chrono Boost)  
  84  7:21  Robotics Facility  
  85  7:23  Charge  
  85  7:25  Stalker x3  
  85  7:26  Probe (Chrono Boost)  
  93  7:30  Probe (Chrono Boost)  
  93  7:31  Probe (Chrono Boost)  
  93  7:33  Assimilator  
  93  7:34  Pylon  
  95  7:38  Assimilator, Probe (Chrono Boost)  
  95  7:39  Probe (Chrono Boost)  
  95  7:42  Probe (Chrono Boost)  
  95  7:43  Probe (Chrono Boost)  
  98  7:44  Probe (Chrono Boost)  
  98  7:45  Pylon  
  99  7:54  Probe x2  
  99  7:56  Probe  
  102  8:04  Pylon  
  102  8:06  Shield Battery  
  102  8:08  Shield Battery  
  102  8:10  Photon Cannon  
  102  8:12  Photon Cannon  
  102  8:13  Robotics Bay  
  102  8:14  Robotics Facility  
  102  8:24  Stalker x3  
  108  8:27  Photon Cannon  
  108  8:28  Observer (Chrono Boost)  
  108  8:29  Photon Cannon  
  108  8:31  Shield Battery  
  109  8:40  Protoss Ground Weapons Level 2 (Chrono Boost)  
  109  8:46  Nexus  
  109  8:47  Observer (Chrono Boost)  
  110  8:48  Pylon  
  110  8:53  Assimilator  
  110  8:55  Photon Cannon  
  110  8:58  Stalker  
  110  8:59  Stalker x4  
  119  9:03  Dark Templar  
  121  9:16  Disruptor (Chrono Boost)  
  111  9:22  Zealot x2  
  111  9:23  Zealot x3  
  123  9:32  Disruptor (Chrono Boost)  
  118  9:38  Stalker  
  118  9:42  Gateway  
  118  9:44  Gateway  
  118  9:45  Dark Templar  
  122  9:47  Stalker x3  
  122  9:49  Zealot  
  133  10:00  Disruptor (Chrono Boost)  
  133  10:04  Nexus  
  133  10:06  Pylon  
  133  10:11  Pylon  
  133  10:12  Disruptor (Chrono Boost)  
  133  10:15  Pylon  
  133  10:22  Observer  
  133  10:28  Shadow Stride  
  133  10:32  Photon Cannon  
  133  10:33  Photon Cannon  
  133  10:35  Photon Cannon  
  131  10:40  Dark Templar  
  131  10:41  Shield Battery  
  133  10:45  Disruptor x2, Gravitic Boosters  
  139  10:55  Stalker x2  
  139  10:56  Stalker x2  
  145  11:03  Zealot x3  
  147  11:11  Photon Cannon  
  147  11:17  Stalker  
  149  11:30  Stalker  
  149  11:31  Stalker x5  
  151  11:49  Probe (Chrono Boost)  
  151  11:52  Probe x2 (Chrono Boost)  
  151  11:53  Probe (Chrono Boost)  
  153  11:57  Observer  
  153  11:59  Probe (Chrono Boost)  
  136  12:01  Disruptor x2 (Chrono Boost)  
  136  12:02  Probe (Chrono Boost)  
  136  12:04  Protoss Ground Weapons Level 3, Probe (Chrono Boost)  
  136  12:05  Observer  
  130  12:15  Dark Templar x4  
  132  12:17  Zealot x4  
  132  12:20  Gateway  
  132  12:22  Gateway  
  144  12:24  Gateway  
  144  12:29  Disruptor (Chrono Boost)  
  144  12:30  Warp Prism (Chrono Boost)  
  149  12:39  Pylon  
  149  12:45  Nexus  
  147  13:03  Stalker x6  
  155  13:19  Stalker x2  
  157  13:31  Stalker x3  
  157  13:32  Stalker x3  
  169  13:37  Disruptor x2 (Chrono Boost)  
  117  14:05  Observer  
  117  14:06  Disruptor x2 (Chrono Boost)  
  123  14:14  Photon Cannon  
  123  14:16  Photon Cannon  
  120  14:17  Photon Cannon  
  120  14:19  Dark Templar, Photon Cannon  
  120  14:20  Dark Templar x3  
  120  14:23  Assimilator  
  128  14:27  Assimilator, Stalker x2  
  132  14:32  Assimilator  
  132  14:35  Zealot x2  
  132  14:36  Assimilator  
  132  14:37  Disruptor (Chrono Boost)  
  133  14:52  Stalker x3  
  114  14:53  Stalker x2, Zealot  
  100  15:24  Stalker  
  100  15:25  Stalker x7  
  116  15:31  Disruptor (Chrono Boost)  
  116  15:32  Warp Prism (Chrono Boost)  
  121  15:46  Nexus  
  121  15:47  Pylon  
  121  16:00  Observer  
  121  16:01  Disruptor  
  121  16:02  Dark Templar  
  125  16:07  Photon Cannon  
  125  16:12  Stalker x4  
  133  16:21  Disruptor  
  125  16:49  Dark Templar x3  
  125  16:52  Zealot x5  
  65  17:20  Stalker x5  
  64  17:26  Disruptor (Chrono Boost)  
  70  17:37  Archon  
  70  17:52  Disruptor (Chrono Boost)  
  70  17:53  Stalker x3  
  70  17:54  Disruptor (Chrono Boost)  
  79  18:26  Stalker x2  
  79  18:27  Stalker  
  88  18:32  Observer (Chrono Boost)  
  79  18:49  Dark Templar x2  
  83  19:00  Disruptor (Chrono Boost)  
  81  19:04  Robotics Facility  
  84  19:10  Archon  
  84  19:13  Stalker x2  
  88  19:21  Oracle  
  90  19:28  Observer x2 (Chrono Boost)  
  91  19:34  Stalker  
  91  19:35  Stalker x2  
  97  19:44  Dark Templar  
  100  19:46  Observer (Chrono Boost)  
  100  19:49  Disruptor (Chrono Boost)  
  103  19:55  Nexus  
  102  20:01  Observer  
  102  20:03  Stalker  
  102  20:04  Disruptor (Chrono Boost), Stalker x2  
  108  20:19  Stalker  
  108  20:20  Stalker x2  
  114  20:28  Disruptor  
  112  20:48  Stalker x2  
  112  20:49  Stalker  
  118  20:56  Dark Templar  
  106  21:26  Stalker  
  106  21:27  Stalker x4  
  112  21:50  Disruptor x2  
  101  22:10  Stalker x2  
  101  22:11  Stalker x2  
  104  22:26  Disruptor, Observer  
  103  22:36  Dark Templar  
Show
View Real Time Build Order
Export as new Build Order

DPGZest Protoss - Winner!

Build Orders:  

Get SALT Encoding   

  12  0:00  Probe  
  13  0:12  Probe  
  14  0:17  Pylon  
  14  0:24  Probe (Chrono Boost)  
  15  0:36  Gateway, Probe (Chrono Boost)  
  16  0:44  Probe (Chrono Boost)  
  16  0:45  Assimilator  
  17  0:51  Probe  
  18  1:03  Probe (Chrono Boost)  
  19  1:04  Assimilator  
  19  1:08  Gateway  
  20  1:12  Probe (Chrono Boost)  
  20  1:17  Probe (Chrono Boost)  
  20  1:23  Cybernetics Core  
  21  1:29  Probe  
  22  1:34  Pylon  
  22  1:41  Probe  
  23  1:53  Probe  
  24  1:59  Stalker x2 (Chrono Boost)  
  24  2:00  Warp Gate  
  28  2:12  Pylon  
  28  2:24  Pylon  
  28  2:28  Sentry (Chrono Boost)  
  30  2:41  Sentry (Chrono Boost)  
  32  2:46  Nexus  
  32  2:49  Probe  
  33  2:58  Shield Battery  
  33  2:59  Sentry  
  33  3:01  Probe  
  36  3:09  Pylon  
  36  3:13  Probe  
  37  3:25  Probe  
  38  3:32  Twilight Council  
  38  3:37  Probe  
  39  3:48  Stalker x2  
  41  3:50  Probe  
  44  4:02  Probe  
  45  4:03  Probe  
  45  4:04  Blink (Chrono Boost)  
  46  4:12  Stalker  
  46  4:14  Probe  
  46  4:16  Probe  
  50  4:19  Stalker  
  52  4:26  Probe  
  52  4:28  Probe  
  54  4:38  Probe  
  51  4:39  Stalker  
  51  4:40  Probe  
  51  4:45  Stalker  
  56  4:50  Probe  
  56  4:52  Probe  
  58  4:53  Gateway  
  58  4:57  Forge  
  58  5:02  Probe  
  58  5:04  Probe  
  58  5:05  Phoenix  
  58  5:06  Stalker  
  62  5:08  Pylon  
  62  5:11  Assimilator  
  62  5:25  Nexus  
  62  5:26  Probe x2  
  64  5:28  Pylon, Robotics Facility  
  64  5:32  Protoss Ground Weapons Level 1 (Chrono Boost)  
  64  5:43  Gateway  
  64  5:44  Gateway  
  64  5:45  Charge  
  64  5:49  Shield Battery  
  64  5:56  Stalker x2  
  68  6:04  Probe x2  
  70  6:13  Gateway  
  70  6:16  Shield Battery  
  70  6:18  Observer (Chrono Boost)  
  71  6:19  Pylon  
  71  6:20  Stalker x2  
  75  6:35  Probe x2, Immortal (Chrono Boost)  
  75  6:38  Probe  
  82  6:43  Pylon  
  82  6:47  Probe  
  82  6:48  Probe  
  82  6:50  Probe  
  82  6:53  Stalker x3  
  91  7:03  Probe x3  
  91  7:05  Assimilator  
  94  7:10  Assimilator, Pylon  
  94  7:11  Immortal  
  94  7:15  Probe x2  
  100  7:16  Protoss Ground Weapons Level 2 (Chrono Boost), Probe  
  100  7:22  Pylon  
  101  7:28  Probe x2  
  103  7:30  Probe  
  104  7:37  Gateway  
  104  7:39  Gateway  
  104  7:41  Gateway  
  104  7:42  Templar Archives  
  104  7:47  Gateway  
  104  7:48  Pylon  
  104  7:49  Observer  
  104  7:50  Pylon  
  104  7:51  Probe x2  
  105  7:52  Pylon  
  105  7:53  Probe  
  105  7:54  Assimilator  
  108  8:04  Nexus  
  108  8:08  Pylon  
  108  8:10  Warp Prism (Chrono Boost)  
  110  8:21  High Templar x2, Zealot x3  
  110  8:25  Archon  
  110  8:26  Zealot  
  122  8:33  Zealot  
  124  8:42  Pylon, High Templar x2, Zealot x3  
  124  8:43  Pylon  
  124  8:46  Archon  
  134  9:03  Stalker x7  
  139  9:18  Observer  
  139  9:19  Protoss Ground Weapons Level 3 (Chrono Boost)  
  139  9:23  Zealot x3  
  143  9:32  Zealot x7  
  143  9:36  Observer  
  141  9:48  Stalker x2  
  141  9:49  Stalker  
  140  10:00  Probe x2  
  140  10:02  Photon Cannon  
  140  10:06  Photon Cannon  
  134  10:07  Stalker x2  
  134  10:08  Stalker  
  140  10:19  Photon Cannon  
  140  10:24  Observer (Chrono Boost)  
  140  10:27  Probe (Chrono Boost)  
  140  10:28  Probe (Chrono Boost)  
  140  10:35  Probe (Chrono Boost)  
  142  10:36  Probe (Chrono Boost)  
  142  10:38  Observer (Chrono Boost)  
  142  10:39  Probe (Chrono Boost)  
  142  10:40  Probe (Chrono Boost), Dark Shrine  
  145  10:45  Probe (Chrono Boost)  
  145  10:46  Probe (Chrono Boost)  
  145  10:47  Stalker x5, Probe (Chrono Boost)  
  156  11:05  Stalker x2  
  156  11:06  Stalker x3  
  166  11:12  Probe x3  
  166  11:14  Pylon  
  166  11:16  Robotics Facility  
  133  11:42  Stalker x9  
  145  11:49  Probe x3  
  145  11:52  Photon Cannon  
  145  11:53  Shield Battery  
  148  11:55  Observer  
  127  12:06  Observer  
  95  12:18  Stalker x7  
  95  12:19  Stalker x3  
  115  12:22  Robotics Bay  
  115  12:35  Protoss Ground Armor Level 1 (Chrono Boost)  
  115  12:52  Stalker x6  
  115  12:53  Stalker  
  128  12:58  Observer  
  128  13:12  Disruptor x2 (Chrono Boost)  
  128  13:13  Stalker  
  128  13:14  Stalker x2  
  138  13:32  Zealot x2  
  138  13:33  Zealot x5  
  113  13:56  Observer (Chrono Boost)  
  113  14:01  Stalker x9  
  125  14:15  Robotics Facility  
  125  14:16  Observer (Chrono Boost)  
  126  14:17  Robotics Bay  
  126  14:20  Shadow Stride (Chrono Boost)  
  126  14:24  Stalker x2  
  126  14:25  Stalker x2, Zealot  
  126  14:26  Zealot x5  
  126  14:27  Warp Prism (Chrono Boost)  
  126  14:28  Probe  
  126  14:29  Probe x2  
  151  14:31  Assimilator  
  151  14:33  Assimilator  
  145  14:49  Zealot x7  
  126  15:12  Probe x2  
  126  15:13  Gravitic Boosters (Chrono Boost)  
  117  15:20  Observer  
  117  15:24  Photon Cannon x2  
  117  15:26  Dark Templar x2  
  121  15:28  Zealot x4  
  121  15:29  Zealot x4  
  137  15:47  Observer (Chrono Boost)  
  138  16:03  Stalker x10  
  156  16:12  Protoss Ground Armor Level 2 (Chrono Boost)  
  154  16:24  Disruptor (Chrono Boost)  
  150  16:26  Zealot x3  
  150  16:27  Zealot x7  
  161  16:51  Zealot x8  
  161  16:53  Observer  
  118  17:20  Stalker  
  118  17:21  Stalker x7  
  134  17:29  Observer (Chrono Boost)  
  132  17:36  Dark Templar x2  
  134  17:59  Dark Templar  
  134  18:00  Dark Templar x2  
  140  18:06  Nexus  
  140  18:07  Observer (Chrono Boost)  
  140  18:48  Disruptor (Chrono Boost)  
  138  19:01  Observer  
  134  19:10  Robotics Facility  
  134  19:14  Disruptor (Chrono Boost), Stalker x8  
  134  19:15  Stalker x2  
  157  19:24  Protoss Ground Armor Level 3 (Chrono Boost)  
  157  19:28  Observer  
  157  19:30  Pylon  
  157  19:32  Assimilator  
  157  19:36  Assimilator  
  157  19:39  Stalker x4  
  157  19:40  Stalker x6  
  157  19:44  Disruptor (Chrono Boost)  
  180  19:53  Observer  
  180  20:00  Observer  
  180  20:13  Immortal x2 (Chrono Boost)  
  180  20:20  Nexus  
  188  20:21  Observer  
  188  20:23  Pylon  
  188  20:31  Dark Templar x4  
  184  20:58  Stalker x8  
  184  21:03  Photon Cannon  
  200  21:04  Shield Battery  
  200  21:09  Photon Cannon  
  200  21:11  Pylon, Photon Cannon  
  200  21:13  Shield Battery  
  200  21:15  Shield Battery  
  186  21:39  Zealot  
  187  21:40  Zealot x6  
  195  21:52  Observer  
  195  21:53  Disruptor  
  198  21:59  Zealot  
  162  22:16  Dark Templar  
  162  22:17  Dark Templar x7  
  146  22:53  Stalker  
  146  22:54  Stalker x6  
Tags
 
Add a new tag
Caveats
  • Supply blocks, unpowered buildings, or Contaminate may cause inaccurate times.
  • Supply counts are checked every 10 seconds.